Map: Dusk Towers

Players

Mog - Winner!

  • Race: Terran Terran
  • League: Master

Miszu

  • Race: Protoss Protoss
  • League: Master

VOD

Have the link to the VOD?

Description

Time

  • Played on: June 28, 2016, 8:16 a.m.
  • Length: 8:39
Show
View Real Time Build Order
Export as new Build Order

Mog Terran - Winner!

Build Orders: Reaper Expand, MMM Bio 

Get SALT Encoding   

  12  0:02  SCV  
  13  0:14  SCV  
  13  0:18  Supply Depot  
  14  0:26  SCV  
  15  0:39  SCV  
  15  0:42  Barracks  
  16  0:44  Refinery  
  16  0:51  SCV  
  17  1:03  SCV  
  18  1:15  SCV  
  19  1:29  Reaper  
  19  1:30  Orbital Command  
  20  1:44  Command Center  
  20  1:52  Supply Depot  
  20  1:55  SCV  
  21  2:02  Barracks Reactor  
  21  2:08  SCV  
  22  2:11  Barracks  
  22  2:24  SCV  
  22  2:25  Barracks  
  23  2:37  SCV  
  24  2:38  Marine x2  
  24  2:41  Engineering Bay  
  26  2:56  SCV  
  26  2:57  Marine x2, Orbital Command  
  29  2:59  Marine  
  30  3:08  SCV  
  30  3:11  Missile Turret  
  31  3:15  Marine, Missile Turret  
  31  3:17  Marine  
  31  3:19  Marine  
  34  3:25  SCV  
  34  3:26  SCV  
  36  3:30  Barracks Tech Lab  
  36  3:38  SCV x2  
  36  3:40  Refinery  
  38  3:42  Supply Depot  
  38  3:45  Marine x2  
  40  3:50  SCV x2  
  42  3:56  Marine  
  42  3:59  Marauder  
  45  4:05  SCV  
  45  4:06  SCV  
  45  4:15  Marine x2  
  45  4:16  Marine  
  47  4:17  SCV  
  47  4:19  Stimpack  
  47  4:20  Factory, Marine  
  49  4:24  SCV  
  49  4:25  Supply Depot  
  49  4:29  SCV  
  51  4:32  Bunker  
  51  4:33  Supply Depot, Marine x2  
  51  4:34  Marine  
  51  4:46  Marine  
  51  4:51  Marine  
  50  4:55  Marine x2  
  50  4:58  SCV  
  53  5:00  SCV  
  53  5:02  Refinery  
  53  5:05  Missile Turret  
  54  5:08  Supply Depot  
  54  5:10  Marauder, SCV  
  54  5:13  Starport, SCV  
  58  5:29  Marine  
  58  5:30  Supply Depot x2  
  58  5:32  Factory Reactor  
  58  5:33  Marauder  
  61  5:40  Marine, Missile Turret  
  62  5:46  Bunker  
  62  5:51  Marine  
  63  5:58  Marine  
  63  6:01  Marauder  
  64  6:11  SCV  
  64  6:12  SCV  
  64  6:15  Marine x2  
  67  6:21  Combat Shields  
  67  6:22  Bunker, Marine  
  67  6:24  SCV x2  
  70  6:30  Barracks  
  70  6:32  Barracks, Factory Reactor  
  69  6:36  Marine x2, SCV x2  
  64  6:40  Marine  
  64  6:43  Medivac  
  66  6:48  SCV x2  
  65  6:55  Marine x2  
  65  6:57  Marine  
  65  7:00  Missile Turret  
  68  7:05  Supply Depot  
  68  7:06  SCV x2  
  70  7:13  Marine  
  70  7:14  Marine  
  65  7:16  Marauder  
  53  7:23  Medivac x2  
  53  7:26  Marine x2  
  59  7:31  Marine x2  
  58  7:37  Marine  
  58  7:44  Marine x2  
  51  7:49  Marine x2, SCV  
  52  7:53  Medivac x2  
  56  8:01  Marine  
  56  8:03  Marauder  
  57  8:07  Marine x2  
  57  8:12  Barracks Tech Lab  
  58  8:19  Marine  
  61  8:21  SCV x2  
Show
View Real Time Build Order
Export as new Build Order

Miszu Protoss 

Build Orders: Oracle Opening 

Get SALT Encoding   

  12  0:01  Probe (Chrono Boost)  
  13  0:11  Probe (Chrono Boost)  
  14  0:17  Pylon  
  14  0:25  Probe (Chrono Boost)  
  15  0:35  Probe (Chrono Boost)  
  16  0:37  Gateway  
  16  0:46  Probe (Chrono Boost)  
  17  0:55  Assimilator  
  17  0:56  Probe (Chrono Boost), Assimilator  
  18  1:07  Probe (Chrono Boost)  
  19  1:14  Pylon  
  19  1:17  Probe (Chrono Boost)  
  20  1:24  Cybernetics Core  
  20  1:28  Probe (Chrono Boost)  
  21  1:40  Probe (Chrono Boost)  
  22  1:51  Probe (Chrono Boost)  
  23  2:01  Stargate  
  23  2:04  Stalker (Chrono Boost)  
  25  2:09  Warp Gate  
  25  2:17  Pylon  
  25  2:32  Stalker (Chrono Boost)  
  27  2:39  Pylon  
  27  2:45  Oracle (Chrono Boost)  
  27  2:49  Gateway  
  27  2:50  Gateway  
  30  3:03  Mothership Core  
  32  3:17  Gateway  
  32  3:30  Void Ray (Chrono Boost)  
  34  4:12  Void Ray (Chrono Boost)  
  38  4:23  Stalker x2  
  42  4:24  Zealot x2  
  46  4:33  Pylon  
  40  4:57  Stalker x3  
  40  4:58  Stalker  
  48  5:21  Void Ray (Chrono Boost)  
  52  5:22  Zealot  
  52  5:26  Pylon  
  54  5:45  Sentry, Zealot x2  
  54  5:46  Zealot  
  52  6:21  Sentry x2, Zealot x2  
  54  6:53  Stalker, Zealot  
  54  6:54  Stalker x2  
  43  7:26  Stalker x4  
  43  7:50  Stalker  
  43  7:51  Stalker x2  
  41  7:54  Zealot  
  41  8:13  Zealot  
  41  8:14  Zealot x2  
  41  8:15  Zealot  
Tags
 
Add a new tag
Caveats
  • Supply blocks, unpowered buildings, or Contaminate may cause inaccurate times.
  • Supply counts are checked every 10 seconds.